 Dungeon Crawl Stone Soup version 0.32-a0-900-g30fb1b0edc (webtiles) character file.

Game seed: 1348741971596541029

30 kae the Insei (level 3, -1/27 HPs)
             Began as a Demonspawn Shapeshifter on Apr 5, 2024.
             Slain by a gnoll
             ... wielding a +0 whip
              (6 damage)
             ... on level 1 of the Dungeon.
             The game lasted 00:01:05 (1231 turns).

kae the Insei (Demonspawn Shapeshifter)             Turns: 1231, Time: 00:01:05

Health: -1/27      AC:  3    Str: 14    XL:     3   Next: 3%
Magic:  3/3        EV: 16    Int: 10    God:
Gold:   71         SH:  0    Dex: 14    Spells: 2/2 levels left

rFire   . . .        f - +0 dagger
rCold   . . .        (no shield)
rNeg    . . .        a - +1 animal skin
rPois   .            (helmet currently unavailable)
rElec   .            (cloak currently unavailable)
rCorr   .            (gloves currently unavailable)
SInv    .            (boots currently unavailable)
Will    .....        (no amulet)
Stlth   +            E - +5 ring of evasion
HPRegen 0.24/turn    (no ring)
MPRegen 0.08/turn

%: no passive effects
@: beast-form
A: beast (slay +1), powered by pain 1
a: Begin Untransformation


You were on level 1 of the Dungeon.
You were a hulking beast.
You visited 1 branch of the dungeon, and saw 2 of its levels.

You collected 71 gold pieces.


Innate Abilities, Weirdness & Mutations

You are a hulking beast.
Your limbs bulge with bestial killing power. (Slay +1)
You sometimes gain a little power by taking damage.


   Skills:
 + Level 1.6 Fighting
 - Level 1.7 Dodging
 * Level 3.3 Unarmed Combat
 + Level 2.9 Shapeshifting


You had 2 spell levels left.
You didn't know any spells.
Your spell library was empty.

Inventory:

Hand Weapons
 f - a +0 dagger (weapon)
   (You took it off a kobold on level 1 of the Dungeon)
Missiles
 e - 12 stones (quivered)
 o - 3 poisoned darts
Armour
 a - a +1 animal skin (worn)
Jewellery
 E - a +5 ring of evasion (left hand)
   (You found it on level 1 of the Dungeon)
Talismans
 c - a beast talisman (active)
 d - a flux talisman
Potions
 b - a potion of lignification {!q}
 i - a potion of brilliance
 k - a potion of resistance
 l - a potion of haste {@q3}
 q - a potion of curing {unknown}

Dungeon Overview and Level Annotations

Branches:
Dungeon (2/15) Zot: 10769

Altars:

##...........>.#...#..##.#......#
......................##........#
##.............###.#.#####......#
...####...####.###.#.# #.......
#### #...# #.......############
#######...# ########.#.......#
#######...# #......#.#.#####.#
########.## #.####.#.#.#####.#
########.####.#.h.........##.#
#......#........g#.##..##.##.####
#§####....###.#..#.##..##.##.....
#§#.....÷..÷.......##....†...####
#§#.##....###......##.########
§.§§.§.########....##.#
§§§§.§.#..............#
§##§##.#.######.##..#.#
....##.#.# #.##..#..##


You could see a gnoll.


Message History

There is a stone staircase leading down here.
You climb downwards.
There is a stone staircase leading up here.
You open the door.
A giant cockroach comes into view.
A giant cockroach is nearby!
A giant cockroach is nearby!
There is an open door here.
A giant cockroach is nearby!
A giant cockroach is nearby!
The helpless giant cockroach fails to defend itself.
You hit the giant cockroach. The giant cockroach closely misses you.
A giant cockroach is nearby!
You hit the giant cockroach but do no damage.
The giant cockroach bites you. The giant cockroach closely misses you.
You hit the giant cockroach.
You kill the giant cockroach!
You have reached level 3!
Your experience leads to an increase in your attributes!
Increase (S)trength, (I)ntelligence, or (D)exterity?
You feel agile. x2 😕 HP[+4] MP[+1]
You now have 27 max hp (+6).
You regained 4 hp, and now have 25/27 hp.
Your mp is fully restored (3).
Your library has no spells.
You aren't carrying any scrolls.
Unknown command.
An endoplasm comes into view. 😎 HP[+2]
Your hp is fully restored (27).
An endoplasm is nearby!
An endoplasm is nearby!
An endoplasm is nearby!
Found a stone staircase leading down.
An endoplasm is nearby!
You hit the endoplasm. The endoplasm closely misses you.
You hit the endoplasm. The endoplasm misses you.
An endoplasm is nearby!
You hit the endoplasm.
You kill the endoplasm!
No target in view! 2 gnolls come into view.
The gnoll shouts!
You hear a shout! 2 gnolls come into view.
The gnoll shouts! x2
There are monsters nearby!
The gnoll hits you with a +0 halberd. The gnoll hits you with a +0 whip.
You are too injured to fight recklessly! 😮 HP[-9]
You take 9 damage, and now have 18/27 hp.
MASSIVE DAMAGE!! (PAUSE)
You aren't carrying any scrolls.
Unknown command.
The gnoll closely misses you. The gnoll attacks as it pursues you!
The gnoll hits you from afar with a +0 halberd. 😮 HP[-3]
You take 3 damage, and now have 15/27 hp. 😮 HP[+1]
Okay, then.
The gnoll attacks as it pursues you! The gnoll barely misses you.
The gnoll attacks as it pursues you! The gnoll barely misses you. 😮 HP[+1]
The gnoll attacks as it pursues you! The gnoll misses you. 😮 HP[+1]
There is a stone staircase leading up here.
You climb upwards.
There is a stone staircase leading down here. 😮 HP[+1] Unknown command.
You completely miss the gnoll. The gnoll hits you with a +0 whip.
* * * LOW HITPOINT WARNING * * *
😨 HP[-6]
You take 6 damage, and now have 13/27 hp.
MASSIVE DAMAGE!! (PAUSE)
You barely miss the gnoll. The gnoll closely misses you.
You closely miss the gnoll.
The gnoll hits you but does no damage. 😮 HP[+1] Unknown command.
You barely miss the gnoll. The gnoll hits you with a +0 whip!
* * * LOW HITPOINT WARNING * * *
😨 HP[-7]
You take 7 damage, and now have 7/27 hp.
MASSIVE DAMAGE!! (PAUSE)
You hit the gnoll. The gnoll closely misses you.
You hit the gnoll but do no damage. The gnoll closely misses you.
You closely miss the gnoll. The gnoll hits you with a +0 whip.
* * * LOW HITPOINT WARNING * * *
😱 HP[-3]
You take 3 damage, and now have 4/27 hp.
Unknown command.
You hit the gnoll. The gnoll barely misses you.
You barely miss the gnoll. The gnoll barely misses you.
You closely miss the gnoll. The gnoll barely misses you.
Unknown command.
You hit the gnoll.
The gnoll completely misses you. 😱 HP[+1]
You hit the gnoll. The gnoll hits you with a +0 whip.
You die...

Skill      XL: |  1 |
---------------+----+-----
Unarmed Combat | 3 |  3.3
Fighting       | |  1.6
Dodging        | |  1.7
Shapeshifting  | |  2.9

Action                     || total
---------------------------++-------
  Melee: Unarmed           ||     8
         Dagger            ||    81
    Use: Scroll            ||     8
   Stab: Sleeping          ||     2
 Armour: Animal skin       ||    48
  Dodge: Dodged            ||    50

Levels and vault maps discovered:
D:1:      saegor_arrival_simple_c, layout_loops_cross,
          hellmonk_ecumenical_altar_prayer_group, minivault_5
D:2:      layout_basic

Notes
Turn   | Place    | Note
-------+----------+-------------------------------------------
     0 | D:1      | kae the Demonspawn Shapeshifter began the quest for the
                  | Orb.
     0 | D:1      | Reached XP level 1. HP: 15/15 MP: 1/1
     0 | D:1      | magus.rc [v1.11.3]
   120 | D:1      | Reached skill level 3 in Unarmed Combat
   120 | D:1      | Gained mutation: You sometimes gain a little power by
                  | taking damage. [demonic ancestry]
   120 | D:1      | Reached XP level 2. HP: 21/21 MP: 2/2
   333 | D:1      | Found a faded altar of an unknown god.
   513 | D:1      | HP: 5/21 [quokka (4)]
  1166 | D:2      | Reached XP level 3. HP: 25/27 MP: 3/3
  1226 | D:1      | HP: 4/27 [gnoll/+0 whip (4)]
  1231 | D:1      | Slain by a gnoll

Vanquished Creatures
  A dart slug (D:1)
  2 ball pythons (D:1)
  4 endoplasms
  A giant cockroach (D:2)
  3 hobgoblins (D:1)
  2 quokkas (D:1)
  4 bats (D:1)
  A frilled lizard (D:1)
  3 kobolds (D:1)
  6 rats (D:1)
27 creatures vanquished.

Table legend:
 A = Non-vault XP
 B = Vault XP
 C = Vault XP percentage of total XP
 D = Non-vault monster count
 E = Vault monster count
 F = Vault count percentage of total count
                 A         B        C        D         E       F
            +---------+---------+-------+---------+---------+-------
      Total |      42 |       1 |   2.3 |      26 |       1 |   3.7
            +---------+---------+-------+---------+---------+-------
        D:1 |      38 |       1 |   2.6 |      24 |       1 |   4.0
        D:2 |       4 |       0 |   0.0 |       2 |       0 |   0.0
            +---------+---------+-------+---------+---------+-------

Skill      XL: |  1 |
---------------+----+-----
Unarmed Combat | 3 |  3.3
Fighting       | |  1.6
Dodging        | |  1.7
Shapeshifting  | |  2.9

Action                     || total
---------------------------++-------
  Melee: Unarmed           ||     8
         Dagger            ||    81
    Use: Scroll            ||     8
   Stab: Sleeping          ||     2
 Armour: Animal skin       ||    48
  Dodge: Dodged            ||    50

Illustrated notes

Table legend:
 A = Kills in this place as a percentage of kills in the entire game.
 B = Kills by you in this place as a percentage of kills by you in the entire game.
 C = Kills by friends in this place as a percentage of kills by friends in the entire game.
 D = Other kills in this place as a percentage of other kills in the entire game.
 E = Experience gained in this place as a percentage of experience gained in the entire game.
 F = Experience gained in this place divided by the number of levels of this place that you have seen.
                   A       B       C       D       E      F
               +-------+-------+-------+-------+-------+----------------------
         Total | 100.0 | 100.0 |   N/A |   N/A | 100.0 |  21.5
       Dungeon | 100.0 | 100.0 |   N/A |   N/A | 100.0 |  21.5
               +-------+-------+-------+-------+-------+----------------------

Table legend: (Time is in decaauts)
 A = Elapsed time spent in this place.
 B = Non-inter-level travel time spent in this place.
 C = Inter-level travel time spent in this place.
 D = Time resting spent in this place.
 E = Time spent auto-exploring this place.
 F = Levels seen in this place.
 G = Mean time per level.
                   A        B        C        D        E       F      G
               +--------+--------+--------+--------+--------+-----+--------+
         Total |   1230 |   1214 |     16 |    116 |    863 |   2 |  615.0 |
       Dungeon |   1230 |   1214 |     16 |    116 |    863 |   2 |  615.0 |
               +--------+--------+--------+--------+--------+-----+--------+

Top non-repeatable levels by time:
     D:1: 1140 daAuts
     D:2: 89 daAuts
